 Dungeon Crawl Stone Soup version 0.14-a0-3367-g7c2a7eb (webtiles) character file.

3604 4tharraofdagon the Spear-Bearer (level 9, 1/72 HPs)
             Began as a Merfolk Fighter on Mar 19, 2014.
             Was a Priest of Dithmenos.
             Quit the game on Level 9 of the Dungeon.
             The game lasted 00:23:03 (3854 turns).

4tharraofdagon the Spear-Bearer (Merfolk Fighter)   Turns: 3854, Time: 00:23:03

HP   1/72        AC 12     Str 19      XL: 9   Next: 98%
MP   9/9         EV  7     Int 13      God: Dithmenos [***...]
Gold 382         SH  0     Dex 13      Spells:  0 memorised,  8 levels left

rFire  + + .     SeeInvis .     q - +0 halberd
rCold  + . .     Clarity  .     p - +0 chain mail
rNeg   . . .     Conserve .     (no shield)
rPois  +         rCorr    .     K - +2 hat
rElec  +         rRot     .     (no cloak)
SustAb . .       Spirit   .     n - +0 pair of gloves
rMut   .         Warding  .     (no boots)
Saprov . . .     Stasis   .     (no amulet)
MR     .....                    k - ring of protection from fire {unknown}
                                D - +5 ring of intelligence

@: lethally poisoned, wreathed by umbra, not resistant to hostile enchantments,
extremely unstealthy
A: change form in water, swift swim
a: Shadow Step, Renounce Religion


You were on level 9 of the Dungeon.
You worshipped Dithmenos.
Dithmenos was most pleased with you.
You were hungry.

You visited 2 branches of the dungeon, and saw 10 of its levels.

You collected 382 gold pieces.

Inventory:

Hand weapons
 a - a +0,+0 trident
 e - a +0,+0 flail (quivered)
 q - a +0,+0 halberd (weapon)
 I - the +7,+0 long sword "Gocixus" {freeze, MR++ Int-2 SInv, unknown}
   (You found it on level 7 of the Dungeon)

   It has been specially enchanted to freeze those struck by it, causing extra
   injury to most foes and up to double damage against particularly susceptible
   opponents.
   It can also slow down cold-blooded creatures.
   It affects your intelligence (-2).
   It affects your resistance to hostile enchantments.
   It enhances your eyesight.
 M - the +6,+3 dagger of Calamity {speed, rPois Str+2 Stlth, unknown}
   (You found it on level 9 of the Dungeon)

   Attacks with this weapon are significantly faster.
   It affects your strength (+2).
   It protects you from poison.
   It makes you more stealthy.
Armour
 b - a +0 scale mail
 c - a +0 shield
 n - a +0 pair of gloves (worn)
 p - a +0 chain mail (worn)
 K - a +2 hat (worn)
Magical devices
 o - a wand of cold (0)
 v - a wand of fireball (4)
 w - a wand of draining (0)
 z - a wand of enslavement (10)
Comestibles
 d - 2 bread rations
 s - a cheese
 C - 2 meat rations
 E - a pear
Scrolls
 g - a scroll of recharging {unknown}
 h - 3 scrolls of remove curse
 i - 2 scrolls of enchant weapon I {unknown}
 m - 4 scrolls of teleportation {unknown}
 t - 3 scrolls of amnesia {unknown}
 u - a scroll of magic mapping
 y - 2 scrolls of noise
 G - 2 scrolls of blinking {unknown}
 J - a scroll of enchant armour {unknown}
 L - 2 scrolls of enchant weapon II {unknown}
Jewellery
 k - a ring of protection from fire (right hand) {unknown}
 l - an uncursed amulet of resist mutation
 D - a +5 ring of intelligence (left hand)
 F - an uncursed ring of fire
Potions
 f - 2 potions of brilliance
 x - a potion of magic
 A - a potion of porridge
 B - 2 potions of agility
 O - a potion of invisibility
 P - a potion of paralysis
 R - a potion of flight
 S - a potion of resistance


   Skills:
 + Level 7.2 Fighting
 * Level 11.5 Polearms
 + Level 4.6 Armour
 + Level 7.0 Dodging
 + Level 6.3 Stealth
   Level 3.0 Shields


You had 8 spell levels left.
You didn't know any spells.

Dungeon Overview and Level Annotations

Branches:
Dungeon (9/15)             Temple (1/1) D:4
    Orc: D:9-12        Lair: D:8-11

Altars:
Dithmenos
Xom

Shops:
D:4 [

Annotations:
D:9 Blork the orc


Message History

Unknown command.
* * * LOW HITPOINT WARNING * * *
You feel sick.
Unknown command.
* * * LOW HITPOINT WARNING * * *
You feel sick.
Unknown command.
* * * LOW HITPOINT WARNING * * *
You feel sick.
Unknown command.
Unknown command.
Unknown command.
* * * LOW HITPOINT WARNING * * *
You feel sick.
Unknown command.
Unknown command.
Are you sure you want to abandon this character and quit the game? (Confirm with "yes".)
Okay, then.
Unknown command.
Are you sure you want to abandon this character and quit the game? (Confirm with "yes".)

#.....# #..#..# ## #..#..#
###.# .....##<.#..#####
####....#.............#...
##..#....#.................
#..........##..............#
#...##...>.##.............#
#.........@.[.......#......
####.....(..5........##......
#.#.................###......
##.#.......>......#...#.......
#........##.##..###.. #.......
#........#......##.....#.....#
####.................###.....#
##.....>....................#
##
#.................#.........#


You could see a staircase mimic and a crimson imp.

Vanquished Creatures
  Pikel (D:8)
  Grinder (D:5)
  2 water moccasins (D:9)
  3 yaks (D:6)
  2 ice beasts (D:9)
  6 ogres
  4 killer bees (D:7)
  A cyclops zombie (D:9)
  4 scorpions
  A jelly (D:4)
  A goliath beetle (D:9)
  2 crimson imps (D:6)
  A giant frog skeleton (D:5)
  A quasit (D:9)
  A centaur skeleton (D:6)
  4 hounds
  2 orc wizards (D:3)
  2 iguanas
  8 worker ants
  A mummy (D:4)
  A worker ant zombie (D:9)
  8 adders
  3 gnolls (D:2)
  2 shadow imps
  An inept item mimic (D:7)
  3 worms
  3 giant geckos
  An ooze (D:3)
  16 orcs
  A ball python (D:3)
  11 bats
  2 giant cockroaches
  12 goblins
  7 hobgoblins
  10 jackals
  2 giant newts
  A giant spore (D:7)
  A gnoll skeleton (D:4)
  2 hobgoblin zombies
  5 kobolds
  3 orc zombies (D:4)
  A quokka (D:4)
  9 rats
  A rat zombie (D:9)
  3 ballistomycetes (D:7)
157 creatures vanquished.

Vanquished Creatures (collateral kills)
  2 killer bees (D:7)
2 creatures vanquished.

Vanquished Creatures (others)
  An orc (D:8)
1 creature vanquished.

Grand Total: 160 creatures vanquished

Notes
Turn   | Place    | Note
--------------------------------------------------------------
     0 | D:1      | 4tharraofdagon, the Merfolk Fighter, began the quest for the Orb.
     0 | D:1      | Reached XP level 1. HP: 18/18 MP: 1/1
   155 | D:1      | Reached skill level 1 in Dodging
   178 | D:2      | Reached XP level 2. HP: 18/24 MP: 2/2
   395 | D:2      | Reached XP level 3. HP: 22/29 MP: 3/3
   402 | D:2      | Reached skill level 4 in Polearms
   439 | D:2      | Found a shadowy altar of Dithmenos.
   447 | D:2      | Became a worshipper of Dithmenos
   605 | D:3      | Reached XP level 4. HP: 24/37 MP: 4/4
   736 | D:5      | Entered Level 5 of the Dungeon
   777 | D:5      | Reached skill level 5 in Polearms
   777 | D:5      | Reached skill level 1 in Stealth
   777 | D:5      | Reached XP level 5. HP: 31/42 MP: 5/5
   802 | D:5      | Noticed Grinder
   921 | D:6      | Reached XP level 6. HP: 36/49 MP: 6/6
   941 | D:6      | Noticed a yak
   941 | D:6      | Noticed a yak
   942 | D:6      | Noticed a yak
   956 | D:6      | Killed a yak
   956 | D:6      | Reached skill level 6 in Polearms
   959 | D:6      | Killed a yak
   959 | D:6      | Reached XP level 7. HP: 47/55 MP: 7/7
   960 | D:6      | Killed a yak
   960 | D:6      | Reached skill level 7 in Polearms
  1004 | D:5      | merfolk vs ant
  1023 | D:4      | Found a staircase to the Ecumenical Temple.
  1036 | Temple   | Entered the Ecumenical Temple
  1114 | D:5      | dead
  1398 | D:4      | Reached skill level 5 in Fighting
  1430 | D:4      | Found Raos Tra's Armour Shop.
  1548 | D:3      | Noticed an ogre
  1554 | D:3      | Killed an ogre
  1554 | D:3      | Reached skill level 8 in Polearms
  1581 | D:3      | Found a shimmering altar of Xom.
  1588 | D:3      | Acquired Dithmenos' first power
  1598 | D:3      | Reached XP level 8. HP: 55/62 MP: 8/8
  1907 | D:5      | Noticed an ogre
  1917 | D:5      | Killed an ogre
  1942 | D:5      | Killed Grinder
  1942 | D:5      | Reached skill level 9 in Polearms
  1942 | D:5      | Reached skill level 5 in Dodging
  2015 | D:6      | Noticed an ogre
  2022 | D:6      | Killed an ogre
  2299 | D:6      | Noticed an ogre
  2307 | D:6      | Killed an ogre
  2466 | D:7      | Reached XP level 9. HP: 26/69 MP: 9/9
  2534 | D:7      | Got an encrusted long sword
  2541 | D:7      | Reached skill level 5 in Stealth
  2549 | D:7      | Reached skill level 10 in Polearms
  2825 | D:8      | Acquired Dithmenos' second power
  3115 | D:9      | Got a jewelled dagger
  3305 | D:7      | Noticed Pikel
  3322 | D:8      | Killed Pikel
  3322 | D:8      | Reached skill level 11 in Polearms
  3421 | D:9      | Noticed Blork the orc
  3849 | D:9      | RIP{
  3851 | D:9      | HP: 3/72 [poisoned by a staircase mimic]
  3853 | D:9      | HP: 1/72 [poisoned by a staircase mimic]
  3854 | D:9      | Quit the game

Action                   |  1- 3 |  4- 6 |  7- 9 || total
-------------------------+-------+-------+-------++-------
Melee: Trident           |    58 |       |     3 ||    61
       Halberd           |    27 |    70 |   483 ||   580
Evoke: Wand              |       |     5 |    14 ||    19
  Use: Potion            |     2 |       |     6 ||     8
       Scroll            |       |     3 |    10 ||    13
